 Dungeon Crawl Stone Soup version 0.27.1-4-g1640c2035a (webtiles) character file.

Game seed: 969034746525518936

44 Stomo444 the Cudgeller (level 3, -4/20 HPs)
             Began as a Vine Stalker Monk on Nov 10, 2021.
             Was a Priest of Cheibriados.
             Slain by an orc (5 damage)
             ... on level 3 of the Dungeon.
             The game lasted 00:01:44 (1940 turns).

Stomo444 the Cudgeller (Vine Stalker Monk)          Turns: 1940, Time: 00:01:45

Health: -4/20      AC:  2    Str: 21    XL:     3   Next: 62%
Magic:  0/4        EV: 13    Int: 17    God:    Cheibriados [***...]
Gold:   24         SH:  0    Dex: 23    Spells: 3/3 levels left

rFire    . . .     SeeInvis .   a - +0 mace
rCold    . . .     Faith    .   (no shield)
rNeg     . . .     Spirit   +   b - +0 robe
rPois    .         Reflect  .   (no helmet)
rElec    .         Harm     .   (no cloak)
rCorr    .         Rampage  .   (no gloves)
Will     .....                  (no boots)
Stlth    +++.......             (no amulet)
HPRegen  0.06/turn              (no ring)
MPRegen  0.09/turn              (no ring)

@: very slow
A: fangs 2, magic shield, antimagic bite, no potion heal 2
a: Renounce Religion, Bend Time, Temporal Distortion


You were on level 3 of the Dungeon.
You worshipped Cheibriados.
Cheibriados was most pleased with you.
You visited 1 branch of the dungeon, and saw 3 of its levels.

You collected 24 gold pieces.

Inventory:

Hand Weapons
 a - a +0 mace (weapon)
Armour
 b - a +0 robe (worn)
Scrolls
 c - 4 scrolls of identify {unknown}
 d - a scroll of enchant armour {unknown}
 e - a scroll of acquirement {unknown}
 f - 2 scrolls of teleportation {unknown}
Potions
 g - a potion of heal wounds {unknown}
 h - 2 potions of lignification {unknown}
 i - a potion of curing {unknown}
 j - a potion of ambrosia {unknown}
 k - a potion of resistance {unknown}


   Skills:
 + Level 3.1 Fighting
 + Level 3.2 Maces & Flails
 + Level 2.8 Dodging
 - Level 2.4 Stealth
 + Level 0.6 Spellcasting
 + Level 0.5 Invocations


You had 3 spell levels left.
You didn't know any spells.
Your spell library was empty.

Dungeon Overview and Level Annotations

Branches:
Dungeon (3/15)

Altars:
Cheibriados

Shops:
D:3 *


Innate Abilities, Weirdness & Mutations

You have extremely sharp teeth.
When hurt, damage is shared between your health and your magic reserves.
Your bite disrupts and absorbs the magic of your enemies.
Potions cannot restore your health.


Message History

No target in view!
Found a hunting sling.
Found a scroll labelled XARPHO UTHUTAE.
A goblin comes into view. It is wielding a +0 dagger.
The goblin shouts!
You see here a scroll labelled XARPHO UTHUTAE.
A goblin is nearby!
The goblin completely misses you. The goblin barely misses you.
You sock the goblin!
You kill the goblin!
Cheibriados appreciates the change of pace.
No target in view!
No target in view!
c - 4 scrolls labelled XARPHO UTHUTAE (gained 1)
Found an escape hatch in the ceiling.
An orc comes into view. It is wielding a +0 whip.
The orc moves out of view. 3 orcs come into view.
An orc is wielding a +0 whip and quivering poisoned darts.
An orc priest comes into view. It is wielding a +0 war axe.
There are monsters nearby!
There are monsters nearby!
The orc closely misses you.
The orc shouts!
The orc priest shouts!
The orc priest misses you. The orc hits you with a +0 hand axe.
You hear a shout!
You barely miss the orc. You bite the orc. You drain its power.
You feel invigorated.
The orc is lightly wounded.
You hear a bark!
The orc priest hits you with a +0 war axe.
The orc barely misses you. x2; The orc hits you with a +0 whip.
You barely miss the orc. Your bite misses the orc.
The orc is lightly wounded.
The orc priest hits you with a +0 war axe.
* * * LOW HITPOINT WARNING * * *
The orc hits you with a +0 hand axe.
* * * LOW HITPOINT WARNING * * *
The orc hits you with a +0 whip.
You die...

#.# #.## #...
#########..#
#<.......#).
#####.####......
#...............
#########.###.##........
......o@o.# #.##.#..#...
.#.#.#o#oo# #.......#...
#.#.#.# ##.#.#......
#.#.#..# #.#.......#
#.#^# ### #.####.#.##
#.#.# .# .... #.#.# ..
.#.#


You could see an orc priest and 4 orcs.

Vanquished Creatures
  An adder (D:2)
  A dart slug (D:1)
  2 ball pythons (D:1)
  4 bats
  2 endoplasms
  2 giant cockroaches
  5 goblins
  4 hobgoblins
  5 kobolds
  A quokka (D:1)
  2 rats (D:2)
29 creatures vanquished.

Notes
Turn   | Place    | Note
-------+----------+-------------------------------------------
     0 | D:1      | Stomo444 the Vine Stalker Monk began the quest for the Orb.
     0 | D:1      | Reached XP level 1. HP: 11/11 MP: 2/2
   383 | D:1      | Reached XP level 2. HP: 16/16 MP: 3/3
   736 | D:1      | Found a faded altar of an unknown god.
   790 | D:1      | Became a worshipper of Cheibriados the Contemplative
   790 | D:1      | Reached * piety under Cheibriados
   790 | D:1      | Reached ** piety under Cheibriados
  1010 | D:2      | Reached XP level 3. HP: 13/20 MP: 1/4
  1015 | D:2      | Reached *** piety under Cheibriados
  1836 | D:3      | Found Dout's Assorted Antiques.
  1940 | D:3      | HP: 1/20 [orc (4)]
  1940 | D:3      | Slain by an orc

Illustrated notes

Levels and vault maps discovered:
D:1:      noname_arrival_rooms_in_the_neighbourhood, layout_rooms,
          ebering_ecumenical_altar_webs
D:2:      layout_loops_ring
D:3:      layout_loops_cross, lemuel_crystal_altar, serial_shops, shop,
          minivault_23, st_stairs_2, grunt_ministairs_8

Skill      XL: |  1  2 |
---------------+-------+-----
Fighting       | 3 |  3.1
Maces & Flails | 3 |  3.2
Dodging        | |  2.8
Stealth        | |  2.4
Spellcasting   | |  0.6
Invocations    | |  0.5

Action                   || total
-------------------------++-------
Melee: Mace              ||    65
       Bite              ||    15
 Stab: Sleeping          ||     5
Armor: Robe              ||    13
Dodge: Dodged            ||    59
